 Dungeon Crawl Stone Soup version 0.25.0-11-g1f837a76a1 (webtiles) character file.

Game seed: 15552296513709060194

143 Delamore the Chopper (level 5, 0/41 HPs)
             Began as a Formicid Fighter on June 24, 2020.
             Succumbed to an adder's poison
             ... on level 2 of the Dungeon.
             The game lasted 00:01:57 (2129 turns).

Delamore the Chopper (Formicid Fighter)             Turns: 2129, Time: 00:01:58

Health: 0/41       AC: 11    Str: 21    XL:     5   Next: 50%
Magic:  5/5        EV:  7    Int:  8    God:
Gold:   131        SH:  4    Dex: 10    Spells: 4/4 levels left

rFire    . . .     SeeInvis +   a - +0 war axe
rCold    . . .     Gourm    .   o - +0 buckler
rNeg     . . .     Faith    .   n - +0 chain mail
rPois    .         Spirit   .   (helmet unavailable)
rElec    .         Reflect  .   (no cloak)
rCorr    .         Harm     .   p - +0 pair of gloves
MR       .....                  q - +0 pair of boots
Stlth    ..........             (no amulet)
HPRegen  0.13/turn              (no ring)
MPRegen  0.09/turn              (no ring)

@: lethally poisoned (0 -> 0), lightly drained
A: permanent stasis, dig shafts and tunnels, four strong arms, antennae 3
a: Dig, Shaft Self


You were on level 2 of the Dungeon.
You were not hungry.

You visited 1 branch of the dungeon, and saw 3 of its levels.

You collected 131 gold pieces.

Inventory:

Hand Weapons
 a - a +0 war axe (weapon)
Armour
 c - a +0 kite shield
 n - a +0 chain mail (worn)
 o - a +0 buckler (worn)
 p - a +0 pair of gloves (worn)
 q - a +0 pair of boots (worn)
Scrolls
 e - a scroll of fear {unknown}
 h - a scroll of identify {unknown}
 j - a scroll of teleportation {unknown}
Potions
 b - a potion of resistance {unknown}
 d - a potion of might
 g - a potion of berserk rage {unknown}
 i - a potion of heal wounds {unknown}
 k - 2 potions of lignification {unknown}
 m - 2 potions of curing {unknown}
 r - a potion of cancellation {unknown}
Comestibles
 f - 4 rations
 l - 4 chunks of flesh


   Skills:
 - Level 3.2(2.7) Fighting
 + Level 5.3(4.7) Axes
 - Level 3.2(2.7) Armour
 - Level 3.6(3.1) Shields


You had 4 spell levels left.
You didn't know any spells.
Your spell library was empty.

Dungeon Overview and Level Annotations

Branches:
Dungeon (3/15)

Altars:
Gozag


Innate Abilities, Weirdness & Mutations

You cannot be hasted, slowed, berserked, paralysed or teleported.
You can dig through walls and to a lower floor.
Your four strong arms can wield two-handed weapons with a shield.
You have a pair of large antennae on your head. (SInv)


Message History

You feel sick. The bat hits you but does no damage.
The gnoll hits you from afar with a +0 spear.
* * * LOW HITPOINT WARNING * * *
The gnoll hits you from afar with a +0 spear.
* * * LOW HITPOINT WARNING * * *
You climb upwards.
There is a stone staircase leading down here.
You completely miss the gnoll. The gnoll hits you but does no damage.
You closely miss the gnoll.
You feel sick. The gnoll hits you with a +0 flail.
* * * LOW HITPOINT WARNING * * *
You hit the gnoll.
The gnoll is heavily wounded.
The gnoll hits you with a +0 flail.
* * * LOW HITPOINT WARNING * * *
You barely miss the gnoll.
The gnoll is heavily wounded.
The gnoll hits you but does no damage.
You slash the gnoll!
You kill the gnoll!
You die...

....#########..#..≈⌠..#
####### ....#
#....#..≈.≈.# ....#####
#.#..)..)...#
........###.#......####
............#.#..###
............#(#..#
............#....#
............#...)#
....#.......#...@###
....#....<..#.....<#
#.#######.###....###
#.# #.# #....# #.# #.#
#....# #.# #.# ######
#.# ###.# #.# #...# #.#
#.###


There were no monsters in sight!

Vanquished Creatures
  Robin (D:2)
  4 adders
  A gnoll (D:2)
  A worm (D:2)
  A dart slug (D:2)
  A leopard gecko (D:1)
  3 orcs (D:3)
  2 giant cockroaches
  13 goblins
  9 hobgoblins
  13 jackals
  2 quokkas (D:2)
  5 bats
  4 frilled lizards
  6 kobolds
  6 rats
72 creatures vanquished.

Notes
Turn   | Place    | Note
-------+----------+-------------------------------------------
     0 | D:1      | Delamore the Formicid Fighter began the quest for the Orb.
     0 | D:1      | Reached XP level 1. HP: 18/18 MP: 1/1
   163 | D:1      | Reached XP level 2. HP: 24/24 MP: 2/2
   296 | D:1      | Reached skill level 3 in Axes
   412 | D:1      | Reached XP level 3. HP: 28/29 MP: 3/3
  1345 | D:2      | Reached skill level 4 in Axes
  1345 | D:2      | Reached XP level 4. HP: 32/35 MP: 4/4
  1877 | D:2      | Reached XP level 5. HP: 41/41 MP: 5/5
  1887 | D:2      | Noticed Robin
  1905 | D:2      | Killed Robin
  1905 | D:2      | Reached skill level 5 in Axes
  2087 | D:3      | Found an opulent altar of Gozag.
  2126 | D:2      | HP: 2/41 [gnoll/+0 flail (6)]
  2129 | D:2      | Succumbed to an adder's poison

Illustrated notes

Levels and vault maps discovered:
D:1:      dpeg_arrival_connections, layout_basic
D:2:      layout_basic, first_ration, corexii_leaking_fountain, uniq_robin
D:3:      layout_rooms, lemuel_crystal_altar, gammafunk_temple_overflow_statue,
          ebering_ghost_rock_garden, uniq_sigmund, uniq_natasha

Skill      XL: |  1  2  3  4  5 |
---------------+----------------+-----
Axes           | 3 4 5 |  5.3
Fighting       | |  3.2
Armour         | |  3.2
Shields        | |  3.6

Action                   |  1- 3 |  4- 6 || total
-------------------------+-------+-------++-------
Melee: War axe           |   126 |   113 ||   239
  Eat: Chunk             |     2 |     2 ||     4
Armor: Scale mail        |    50 |    38 ||    88
       Chain mail        |       |    60 ||    60
Dodge: Dodged            |    40 |    49 ||    89
Block: Kite shield       |    88 |    26 ||   114
       Buckler           |       |    22 ||    22
